 Dungeon Crawl Stone Soup version 0.30-a0-567-gf7fd966b4a (webtiles) character file.

Game seed: 17979561282666791844

16 tilp the Shield-Bearer (level 2, -4/26 HPs)
             Began as a Meteoran Fighter on Dec 28, 2022.
             Succumbed to an orc wizard's poison
             ... on level 2 of the Dungeon.
             The game lasted 00:00:57 (126 turns).

tilp the Shield-Bearer (Meteoran Fighter)            Turns: 126, Time: 00:00:57

Health: -4/26      AC:  7    Str: 17    XL:     2   Next: 94%
Magic:  3/3        EV:  9    Int:  9    God:
Gold:   38         SH:  5    Dex: 13    Spells: 1/1 levels left

rFire   . . .      SeeInvis .    a - +0 long sword
rCold   . . .      Faith    .    c - +0 buckler
rNeg    . . .      Spirit   .    b - +0 scale mail
rPois   .          Reflect  .    (no helmet)
rElec   .          Harm     .    (no cloak)
rCorr   .          Rampage  .    (no gloves)
Will    .....                    (no boots) Stlth
                                 (no amulet)
HPRegen 0.24/turn                (no ring)
MPRegen 0.08/turn                (no ring)

@: lethally poisoned (-4 -> -29), glowing
A: sense surroundings 1, otherworldly, glowing, explore regen
a: no special abilities


You were on level 2 of the Dungeon.
You visited 1 branch of the dungeon, and saw 3 of its levels.

You collected 38 gold pieces.

Inventory:

Hand Weapons
 a - a +0 long sword (weapon)
Missiles
 e - 6 stones (quivered)
Armour
 b - a +0 scale mail (worn)
 c - a +0 buckler (worn)
Scrolls
 f - a scroll of silence {unknown}
Potions
 d - a potion of might
 g - a potion of heal wounds {unknown}
 h - 2 potions of brilliance {unknown}


   Skills:
 + Level 3.4 Fighting
 + Level 2.6 Long Blades
 + Level 3.8 Armour
 * Level 1.1 Dodging
 + Level 0.3 Stealth
 + Level 3.8 Shields


You had one spell level left.
You didn't know any spells.
Your spell library was empty.

Dungeon Overview and Level Annotations

Branches:
Dungeon (3/15) Zot: 1664

Altars:

Annotations:
D:3 Sigmund


Innate Abilities, Weirdness & Mutations

You passively map a small area around you.
You are easily found by Zot.
You glow in the dark.
You regain HP and MP as you explore.


Message History

There is a stone staircase leading up here.
Unknown command.
The orc priest closely misses you. The orc wizard misses you.
You climb upwards.
There is a stone staircase leading down here.
Unknown command.
You hit the orc priest but do no damage.
The orc priest hits you but does no damage.
The orc wizard barely misses you.
You closely miss the orc priest.
The orc priest looks braver for a moment.
The orc wizard casts a spell at you. The puff of flame hits you.
You barely miss the orc priest. You block the orc priest's attack.
You block the orc wizard's attack.
You hit the orc priest.
The orc priest is moderately wounded.
The orc priest closely misses you.
The orc wizard hits you but does no damage. x2
You are poisoned.
The orc priest barely misses you.
You closely miss the orc priest.
The orc priest is moderately wounded.
You feel very sick.
The orc priest calls down the wrath of Beogh upon you.
Beogh smites you!
* * * LOW HITPOINT WARNING * * *
The orc wizard hits you with a +0 dagger of venom.
* * * LOW HITPOINT WARNING * * *
You are lethally poisoned!
You barely miss the orc priest.
The orc priest is moderately wounded.
* * * LOW HITPOINT WARNING * * *
You feel very sick. You block the orc priest's attack.
The orc wizard hits you with a +0 dagger of venom.
* * * LOW HITPOINT WARNING * * *
You are more poisoned.
Unknown command.
You die...

* *#.* #.##.#
#.#####.##.##### *
#..#.....#.....## ,
#..............##
#...........)...# *
#..........<....#
#...............# *
#####...............# *
#...†..@>o..........#
#...###....o..........#
* . * *
##.............## ** *
##...........##
##..........# *
##........## ,
##........##
#..........# ,
#..........#


You could see an orc priest and an orc wizard.

Vanquished Creatures
  An adder (D:1)
  A worm (D:2)
  A giant cockroach (D:2)
  A goblin (D:2)
  A bat (D:2)
5 creatures vanquished.

Notes
Turn   | Place    | Note
-------+----------+-------------------------------------------
     0 | D:1      | tilp the Meteoran Fighter began the quest for the Orb.
     0 | D:1      | Reached XP level 1. HP: 19/19 MP: 2/2
    44 | D:1      | Reached XP level 2. HP: 25/26 MP: 3/3
    51 | D:2      | Reached skill level 1 in Dodging
   118 | D:3      | Noticed Sigmund
   126 | D:2      | Succumbed to an orc wizard's poison

Illustrated notes

Levels and vault maps discovered:
D:1:      minmay_arrival_plants_in_alcoves, layout_basic,
          kennysheep_flooded_box, minmay_hexomino_u4
D:2:      layout_rooms, serial_shops, shop, uniq_robin
D:3:      layout_loops_ring, grunt_temple_overflow_open,
          shapermc_ecumenical_altar_acropolis, uniq_sigmund, uniq_grinder,
          uniq_crazy_yiuf_cottage

Skill      XL: |  1  2 |
---------------+-------+-----
Dodging        | 1 |  1.1
Fighting       | |  3.4
Long Blades    | |  2.6
Armour         | |  3.8
Stealth        | |  0.3
Shields        | |  3.8

Action                   || total
-------------------------++-------
Melee: Long sword        ||    29
Armor: Scale mail        ||    23
Dodge: Dodged            ||    26
Block: Buckler           ||     9

Table legend: (Time is in decaauts)
 A = Elapsed time spent in this place.
 B = Non-inter-level travel time spent in this place.
 C = Inter-level travel time spent in this place.
 D = Time resting spent in this place.
 E = Time spent auto-exploring this place.
 F = Levels seen in this place.
 G = Mean time per level.
                   A        B        C        D        E       F      G
               +--------+--------+--------+--------+--------+-----+--------+
         Total |    136 |    136 |      0 |      0 |      0 |   3 |   45.3 |
       Dungeon |    136 |    136 |      0 |      0 |      0 |   3 |   45.3 |
               +--------+--------+--------+--------+--------+-----+--------+

Top non-repeatable levels by time:
     D:2: 88 daAuts
     D:1: 45 daAuts
     D:3: 1 daAuts
